[Event "Seniors-LEM-50 Sachsen-Anhalt 2024"]
[Site "Magdeburg"]
[Date "2024.07.04"]
[Round "4.1"]
[White "Fabig, Holger"]
[Black "Klanten, Christoph"]
[Result "1-0"]
[ECO "B26"]
[WhiteElo "1969"]
[BlackElo "1968"]
[Annotator "NA RC"]
[PlyCount "123"]
[EventDate "2024.06.25"]
[EventType "swiss"]
[EventCountry "GER"]
[SourceTitle "playchess.com"]
[Source "ChessBase"]
[SourceQuality "1"]
[TimeControl "40/5400+30:1800+30"]

1. e4 c5 2. Nc3 Nc6 3. g3 g6 4. Bg2 Bg7 5. d3 d6 6. Be3 Rb8 7. Qd2 b5 8. f4 b4 $11 9. Nd1 e6 10. Nf3 Nd4 11. O-O Ne7 12. Nh4 f5 13. c3 Ndc6 14. e5 dxe5 15. Bxc5 Ba6 16. fxe5 Qxd3 17. Qf2 Qd7 18. Re1 Nxe5 19. Qf4 Nd5 20. Bxd5 Qxd5 21. Bd4 g5 22. Rxe5 gxf4 23. Rxd5 exd5 24. Bxg7 Rg8 25. Be5 Rb7 26. Bxf4 bxc3 27. bxc3 Bd3 28. Ne3 Rf8 29. Nxd5 Kd7 30. Re1 Rb1 31. Rxb1 Bxb1 32. a3 Kc6 33. Ne3 Kd7 34. Nf3 Rc8 35. c4 h5 36. Nd4 Bd3 37. Nf3 Ke6 38. Ne5 Be4 39. h4 Rb8 40. Kf2 Rb2+ 41. Ke1 Rb3 42. Kd2 Rxa3 43. c5 Ra5 44. c6 Rxe5 45. Bxe5 Kxe5 46. c7 Bb7 47. Nc4+ Kd5 48. Na5 Bc8 49. Ke3 Kd6 50. Kf4 Kxc7 51. Kg5 Kb6 52. Kxh5 Kxa5 53. Kg5 Kb4 54. h5 Be6 55. Kf6 f4 56. gxf4 Bg8 57. Kg7 Be6 58. Kg6 a5 59. h6 Bg8 60. Kg7 a4 61. Kxg8 a3 62. h7 1-0

[Event "Seniors-LEM-50 Sachsen-Anhalt 2024"]
[Site "Magdeburg"]
[Date "2024.07.04"]
[Round "4.2"]
[White "Korte, Markus"]
[Black "Hansch, Torsten"]
[Result "1/2-1/2"]
[ECO "B50"]
[WhiteElo "1895"]
[BlackElo "2047"]
[Annotator "RC"]
[PlyCount "28"]
[EventDate "2024.06.25"]
[EventType "swiss"]
[EventCountry "GER"]
[SourceTitle "playchess.com"]
[Source "ChessBase"]
[SourceQuality "1"]
[TimeControl "40/5400+30:1800+30"]

1. e4 c5 2. Nf3 d6 3. c3 Nf6 4. h3 Nc6 5. Bd3 e5 6. O-O g6 7. Bc2 Bg7 8. d4 cxd4 9. cxd4 exd4 10. Nxd4 O-O 11. Nxc6 bxc6 12. Nc3 d5 13. exd5 Nxd5 14. Qf3 Nxc3 1/2-1/2

[Event "Seniors-LEM-50 Sachsen-Anhalt 2024"]
[Site "Magdeburg"]
[Date "2024.07.04"]
[Round "4.3"]
[White "Dannhauer, Frank"]
[Black "Puschendorf, Steffen"]
[Result "1/2-1/2"]
[ECO "C01"]
[WhiteElo "1921"]
[BlackElo "2067"]
[Annotator "NA RC"]
[PlyCount "31"]
[EventDate "2024.06.25"]
[EventType "swiss"]
[EventCountry "GER"]
[SourceTitle "playchess.com"]
[Source "ChessBase"]
[SourceQuality "1"]
[TimeControl "40/5400+30:1800+30"]

1. e4 e6 2. d4 d5 3. exd5 exd5 4. Nf3 Nf6 5. c4 Bb4+ 6. Bd2 Qe7+ 7. Qe2 Bxd2+ $15 8. Nbxd2 Be6 9. Ng5 Nc6 10. Nxe6 fxe6 11. Nf3 Qb4+ 12. Qd2 Qxd2+ 13. Kxd2 O-O-O 14. c5 a6 15. Bd3 Rde8 16. Rhe1 1/2-1/2

[Event "Seniors-LEM-50 Sachsen-Anhalt 2024"]
[Site "Magdeburg"]
[Date "2024.07.04"]
[Round "4.4"]
[White "Fabregas, Oliver"]
[Black "Hoffmann, Uwe"]
[Result "0-1"]
[ECO "A90"]
[WhiteElo "1876"]
[BlackElo "2013"]
[Annotator "NA RC"]
[PlyCount "74"]
[EventDate "2024.06.25"]
[EventType "swiss"]
[EventCountry "GER"]
[SourceTitle "playchess.com"]
[Source "ChessBase"]
[SourceQuality "1"]
[TimeControl "40/5400+30:1800+30"]

1. Nf3 d5 2. g3 e6 3. Bg2 f5 4. d4 Nf6 5. O-O Bd6 6. b3 Qe7 7. Bb2 O-O 8. c4 $11 c6 9. Nc3 b6 10. Qc2 Ne4 11. cxd5 exd5 12. e3 Bb7 13. Rfd1 Nd7 14. Rac1 Rac8 15. Qe2 Qe8 16. Rc2 Qh5 17. Ne1 Qf7 18. Rdc1 Rce8 19. Qd1 Ndf6 20. Nd3 g5 21. Ne2 Ng4 22. h3 Nexf2 23. Nxf2 Nxe3 24. Qd3 Nxc2 25. Rxc2 f4 26. gxf4 gxf4 27. Ng4 Kh8 28. Bf3 Re3 29. Nxe3 fxe3 30. Bg2 Qf2+ 31. Kh1 Ba6 32. Qd1 Rf3 33. Nf4 e2 34. Rxe2 Bxe2 35. Qxe2 Rxf4 36. Qe8+ Rf8 37. Qxc6 Qe1+ 0-1

[Event "Seniors-LEM-50 Sachsen-Anhalt 2024"]
[Site "Magdeburg"]
[Date "2024.07.04"]
[Round "4.5"]
[White "Ackermann, Robert"]
[Black "Schiller, Dirk"]
[Result "1-0"]
[ECO "C50"]
[WhiteElo "2041"]
[BlackElo "1885"]
[Annotator "NA RC"]
[PlyCount "41"]
[EventDate "2024.06.25"]
[EventType "swiss"]
[EventCountry "GER"]
[SourceTitle "playchess.com"]
[Source "ChessBase"]
[SourceQuality "1"]
[TimeControl "40/5400+30:1800+30"]

1. e4 e5 2. Nf3 Nc6 3. Bc4 d6 4. h3 Be7 5. d4 exd4 6. Nxd4 Nxd4 7. Qxd4 Nf6 8. Nc3 O-O 9. O-O c6 10. a4 Qc7 11. Bf4 Nd7 12. Bb3 Ne5 13. Rad1 Be6 14. Bg3 Bxb3 15. cxb3 f6 $14 16. Bxe5 dxe5 17. Qc4+ Rf7 18. Nd5 Qd6 19. Nb6 Qb8 20. Nxa8 Qxa8 21. Rd7 1-0

[Event "Seniors-LEM-50 Sachsen-Anhalt 2024"]
[Site "Magdeburg"]
[Date "2024.07.04"]
[Round "4.7"]
[White "Schroeder, Frank"]
[Black "Weitz, Andreas"]
[Result "1/2-1/2"]
[ECO "D04"]
[WhiteElo "1942"]
[BlackElo "1936"]
[Annotator "RC"]
[PlyCount "52"]
[EventDate "2024.06.25"]
[EventType "swiss"]
[EventCountry "GER"]
[SourceTitle "playchess.com"]
[Source "ChessBase"]
[SourceQuality "1"]
[TimeControl "40/5400+30:1800+30"]

1. d4 d5 2. Nf3 Nf6 3. e3 c6 4. Bd3 Bg4 5. Nbd2 Nbd7 6. b3 e5 7. dxe5 Nxe5 8. Be2 Nxf3+ 9. Bxf3 Bxf3 10. Qxf3 Bb4 11. O-O O-O 12. Rd1 Bc3 13. Rb1 Qe7 14. a4 a5 15. Bb2 Bxb2 16. Rxb2 Rad8 17. Rbb1 h6 18. h3 Rd7 19. Re1 Qb4 20. Rbd1 Qc3 21. Qf5 Rfd8 22. Qd3 Qe5 23. Nf3 Qe4 24. Qxe4 dxe4 25. Rxd7 Rxd7 26. Ne5 Rd5 1/2-1/2

[Event "Seniors-LEM-50 Sachsen-Anhalt 2024"]
[Site "Magdeburg"]
[Date "2024.07.04"]
[Round "4.8"]
[White "Kottke, Steffen"]
[Black "Hencke, Heiko"]
[Result "1-0"]
[ECO "B21"]
[WhiteElo "1933"]
[BlackElo "1855"]
[Annotator "NA"]
[PlyCount "49"]
[EventDate "2024.06.25"]
[EventType "swiss"]
[EventCountry "GER"]
[SourceTitle "playchess.com"]
[Source "ChessBase"]
[SourceQuality "1"]
[TimeControl "40/5400+30:1800+30"]

1. e4 c5 2. d4 cxd4 3. c3 dxc3 4. Nxc3 Nc6 5. Nf3 Nf6 6. Bc4 e6 7. O-O {[%emt 0:00:39] B21: Sicilian: 2 f4 and Morra Gambit.} Be7 8. Qe2 O-O 9. Rd1 b6 10. Bf4 Nh5 11. Be3 Bb7 12. Rac1 Nf6 13. a3 a6 (13... Qb8 $15) 14. Ba2 b5 15. e5 Ne8 16. Bb1 g6 17. Ne4 Nxe5 18. Nxe5 d5 19. Nc5 $18 Nd6 20. Nxb7 Nxb7 21. Nc6 Qd7 22. Bh6 Rfc8 23. Rxd5 exd5 24. Nxe7+ Kh8 25. Qe5+ 1-0

[Event "Seniors-LEM-50 Sachsen-Anhalt 2024"]
[Site "Magdeburg"]
[Date "2024.07.04"]
[Round "4.9"]
[White "Leib, Britta"]
[Black "Ahrens, Gunnar"]
[Result "0-1"]
[ECO "B01"]
[WhiteElo "1920"]
[BlackElo "1750"]
[Annotator "NA RC"]
[PlyCount "24"]
[EventDate "2024.06.25"]
[EventType "swiss"]
[EventCountry "GER"]
[SourceTitle "playchess.com"]
[Source "ChessBase"]
[SourceQuality "1"]
[TimeControl "40/5400+30:1800+30"]

1. e4 Nc6 2. d4 d5 3. exd5 Qxd5 4. Nf3 e5 5. c3 Bg4 6. Be2 exd4 7. Nxd4 Nxd4 8. Bxg4 Qxg2 9. Rf1 Qe4+ 10. Be3 Nc2+ 11. Ke2 $19 Qxg4+ 12. f3 Qc4+ 0-1

[Event "Seniors-LEM-50 Sachsen-Anhalt 2024"]
[Site "Magdeburg"]
[Date "2024.07.04"]
[Round "4.10"]
[White "Bachmann, Sylvia"]
[Black "Wirp, Hans-Werner"]
[Result "0-1"]
[ECO "C55"]
[WhiteElo "1768"]
[BlackElo "1841"]
[Annotator "NA RC"]
[PlyCount "76"]
[EventDate "2024.06.25"]
[EventType "swiss"]
[EventCountry "GER"]
[SourceTitle "playchess.com"]
[Source "ChessBase"]
[SourceQuality "1"]
[TimeControl "40/5400+30:1800+30"]

1. e4 e5 2. Nf3 Nc6 3. Bc4 Nf6 4. d3 Be7 5. c3 O-O 6. O-O d6 7. h3 Na5 8. Bb5 a6 9. Ba4 b5 10. Bc2 c5 11. a4 Bb7 12. Be3 b4 $11 13. c4 Nc6 14. Nbd2 Ne8 15. Nh2 Bc8 16. f4 exf4 17. Bxf4 Bf6 18. Rb1 Bd4+ 19. Kh1 f5 20. Qe2 g5 21. Be3 f4 22. Bg1 Ng7 23. Nb3 Be5 24. Nf3 Qf6 25. Bd1 Qh6 26. Bh2 g4 27. Nxe5 Nxe5 28. d4 cxd4 29. Nxd4 g3 30. Bb3 Kh8 31. Rbd1 Bg4 32. Qd2 Bxd1 33. Bxd1 gxh2 34. Nf5 Nxf5 35. exf5 Rxf5 36. Qd5 Raf8 37. Bc2 R5f6 38. c5 f3 0-1

[Event "Seniors-LEM-50 Sachsen-Anhalt 2024"]
[Site "Magdeburg"]
[Date "2024.07.04"]
[Round "4.11"]
[White "Janeke, Thomas"]
[Black "Giesenberg, Angela"]
[Result "1-0"]
[ECO "E67"]
[WhiteElo "1764"]
[BlackElo "1827"]
[Annotator "NA RC"]
[PlyCount "117"]
[EventDate "2024.06.25"]
[EventType "swiss"]
[EventCountry "GER"]
[SourceTitle "playchess.com"]
[Source "ChessBase"]
[SourceQuality "1"]
[TimeControl "40/5400+30:1800+30"]

1. c4 d6 2. Nc3 g6 3. Nf3 Bg7 4. g3 Nf6 5. Bg2 e5 6. d4 Nbd7 7. O-O O-O 8. dxe5 dxe5 9. Qc2 c6 10. Rd1 Qe7 11. e4 a5 12. Bg5 h6 13. Bd2 Nc5 14. h3 Ne8 15. Be3 Be6 16. b3 Nc7 17. Ne1 f5 18. Nd3 Nxd3 19. Rxd3 f4 20. Bb6 Na6 21. Qd2 fxg3 22. fxg3 Qb4 23. Na4 Qxd2 24. Rxd2 Bf6 25. Rad1 Be7 26. Bxa5 b5 27. cxb5 cxb5 28. Nb6 Ra7 29. Nd7 Bxd7 30. Rxd7 Bc5+ 31. Kh2 Rxd7 32. Rxd7 Nb4 33. a4 bxa4 34. bxa4 Na2 35. Rd2 Ra8 36. Rd8+ Rxd8 37. Bxd8 Nc3 38. a5 Nb5 39. Bf1 Na7 40. Bb6 Bxb6 41. axb6 Nc6 42. b7 Kf7 43. Bb5 Nb8 44. Kg2 g5 45. Kf3 h5 46. g4 h4 47. Ke3 Ke7 48. Kd3 Ke6 49. Kc4 Kd6 50. Kb4 Kc7 51. Kc5 Kxb7 52. Kd6 Kb6 53. Bc4 Nc6 54. Bd5 Nb4 55. Kxe5 Nd3+ 56. Kf5 Nf4 57. Kxg5 Nxh3+ 58. Kxh4 Nf2 59. g5 1-0

[Event "Seniors-LEM-50 Sachsen-Anhalt 2024"]
[Site "Magdeburg"]
[Date "2024.07.04"]
[Round "4.12"]
[White "Meffert, Claudia"]
[Black "Langner, Hans-Rainer"]
[Result "1-0"]
[ECO "D93"]
[WhiteElo "1811"]
[BlackElo "1730"]
[Annotator "NA RC"]
[PlyCount "113"]
[EventDate "2024.06.25"]
[EventType "swiss"]
[EventCountry "GER"]
[SourceTitle "playchess.com"]
[Source "ChessBase"]
[SourceQuality "1"]
[TimeControl "40/5400+30:1800+30"]

1. d4 Nf6 2. c4 d5 3. Nc3 g6 4. Nf3 Bg7 5. Bf4 c6 6. e3 O-O 7. h3 Ne4 8. Bd3 Qa5 9. Qc2 f5 10. O-O Nd7 11. cxd5 Nxc3 12. dxc6 Nd5 13. cxd7 Bxd7 14. Be5 Rac8 15. Qe2 a6 16. Bc4 e6 17. Rfc1 Rc6 18. Bxg7 Kxg7 19. Ne5 Rc7 20. a3 b5 21. Bxd5 exd5 22. Rc5 Be6 23. b4 Qb6 24. Rac1 Rfc8 25. Qc2 Rxc5 26. dxc5 Qd8 27. Qc3 Kg8 28. Nf3 Rc7 29. Qe5 Re7 30. Nd4 Qc8 31. c6 Kf7 32. Nxe6 Rxe6 33. Qxd5 Qc7 34. g4 fxg4 35. hxg4 Ke7 36. Qc5+ Kf7 37. Kg2 Re5 38. Qd4 Ke6 39. f4 Rd5 40. Qc3 h5 41. g5 Kf5 42. Kg3 Ke4 43. Qc2+ Rd3 44. Kf2 Qb6 45. Re1 Qc7 46. Rd1 Qd6 47. Qxd3+ Qxd3 48. Rxd3 Kxd3 49. c7 h4 50. c8=Q Kd2 51. Qd7+ Kc2 52. e4 Kc3 53. Ke2 Kb2 54. Qd3 Ka2 55. Kd2 a5 56. Kc2 a4 57. Qc3 1-0

[Event "Seniors-LEM-50 Sachsen-Anhalt 2024"]
[Site "Magdeburg"]
[Date "2024.07.04"]
[Round "4.13"]
[White "Gaertig, Johannes"]
[Black "Wahrenberg, Ralf"]
[Result "1-0"]
[ECO "A48"]
[WhiteElo "1687"]
[BlackElo "1873"]
[Annotator "NA RC"]
[PlyCount "161"]
[EventDate "2024.06.25"]
[EventType "swiss"]
[EventCountry "GER"]
[SourceTitle "playchess.com"]
[Source "ChessBase"]
[SourceQuality "1"]
[TimeControl "40/5400+30:1800+30"]

1. d4 Nf6 2. Nf3 g6 3. Bf4 d6 4. e3 Bg7 5. Bd3 O-O 6. O-O Nfd7 7. c3 c6 8. Nbd2 h6 9. Qc2 Kh7 10. Nh4 f5 11. Ndf3 e5 12. Nxf5 exf4 13. Nxd6 Qf6 14. Ne4 Qe7 15. Rae1 Nb6 16. Nc5 Qd6 17. Nh4 Bf5 $18 18. e4 Qf6 19. Nxf5 gxf5 20. exf5 Kh8 21. Re6 Qf7 22. Rfe1 Nd5 23. Rg6 Nd7 24. Ne6 Rg8 25. Qe2 N7f6 26. Nxg7 Rxg7 27. Rxh6+ Kg8 28. Rg6 Re8 29. Rxg7+ Kxg7 30. Qd2 b5 31. Rxe8 Qxe8 32. c4 bxc4 33. Bxc4 Qe4 34. h3 Qxf5 35. Bd3 Qe6 36. Qa5 Qd7 37. a4 Kh6 38. b4 f3 39. Qc5 Qg7 40. g3 Nf4 41. Bf1 Ne6 42. Qe5 Qf7 43. Qe3+ Kg7 44. Bc4 Nd5 45. Qe5+ Qf6 46. Bxd5 Qxe5 47. dxe5 cxd5 48. Kf1 Nd4 49. Ke1 Nc2+ 50. Kd2 Nxb4 51. Ke3 Kg6 52. Kxf3 Kf5 53. Ke3 Kxe5 54. f4+ Kd6 55. h4 Nc2+ 56. Kd3 Nb4+ 57. Kc3 Nc6 58. g4 Ke6 59. h5 Kf6 60. Kd3 Kf7 61. g5 Kg7 62. a5 Kh7 63. f5 Ne5+ 64. Kd4 Nf3+ 65. Kxd5 Nxg5 66. Kc6 Nf7 67. Kb7 Nd8+ 68. Kxa7 Nc6+ 69. Kb6 Nxa5 70. Kxa5 Kg7 71. Kb5 Kf6 72. h6 Kf7 73. Kc5 Kg8 74. Kd5 Kh7 75. Ke6 Kg8 76. Ke7 Kh7 77. f6 Kh8 78. f7 Kh7 79. Kf6 Kh8 80. f8=Q+ Kh7 81. Qg7# 1-0

[Event "Seniors-LEM-50 Sachsen-Anhalt 2024"]
[Site "Magdeburg"]
[Date "2024.07.04"]
[Round "4.14"]
[White "Buciu, Aurel-John"]
[Black "Schomann, Michael"]
[Result "1-0"]
[ECO "D03"]
[WhiteElo "1807"]
[BlackElo "1777"]
[Annotator "NA RC"]
[PlyCount "95"]
[EventDate "2024.06.25"]
[EventType "swiss"]
[EventCountry "GER"]
[SourceTitle "playchess.com"]
[Source "ChessBase"]
[SourceQuality "1"]
[TimeControl "40/5400+30:1800+30"]

1. d4 d5 2. Bf4 Nf6 3. Nf3 e6 4. e3 c5 5. c3 Nc6 6. Bd3 cxd4 7. exd4 Bd6 8. Bg5 h6 9. Bh4 Be7 10. Nbd2 O-O 11. O-O Bd7 12. Re1 Re8 13. Ne5 Rc8 14. Qf3 Rf8 15. h3 Nh7 16. Bg3 Bf6 17. Nb3 Nxe5 18. Bxe5 Bxe5 19. Rxe5 Ng5 20. Qg3 f6 21. Re2 Qc7 22. Qxc7 Rxc7 23. Nc5 Re8 24. Nxd7 Rxd7 25. Bb5 Rde7 26. Bxe8 Rxe8 27. f3 Kf7 28. Rae1 Nh7 29. f4 Re7 30. f5 Ng5 31. fxe6+ Rxe6 32. Rxe6 Nxe6 33. Kf2 Ng5 34. Re2 Ne4+ 35. Kf3 f5 36. Kf4 Kf6 37. g4 g6 38. h4 h5 39. gxh5 gxh5 40. Rg2 b5 41. Rg8 a5 42. Rb8 Nd6 43. Rb6 Ke7 44. Rxd6 Kxd6 45. Kxf5 b4 46. cxb4 axb4 47. b3 Kd7 48. Ke5 1-0

[Event "Seniors-LEM-50 Sachsen-Anhalt 2024"]
[Site "Magdeburg"]
[Date "2024.07.04"]
[Round "4.15"]
[White "Schoknecht, Sabine"]
[Black "Ehrich, Dieter"]
[Result "1/2-1/2"]
[ECO "A01"]
[WhiteElo "1836"]
[BlackElo "1719"]
[Annotator "NA RC"]
[PlyCount "60"]
[EventDate "2024.06.25"]
[EventType "swiss"]
[EventCountry "GER"]
[SourceTitle "playchess.com"]
[Source "ChessBase"]
[SourceQuality "1"]
[TimeControl "40/5400+30:1800+30"]

1. b3 d5 2. Bb2 Nc6 3. d3 Nf6 4. Nf3 Bg4 5. h3 Bxf3 6. exf3 {[%emt 0:00:18] A01: Nimzowitsch-Larsen Opening.} e6 7. Nd2 Bd6 8. Be2 O-O 9. g3 e5 10. a3 a5 11. Nf1 Nd4 12. Qd2 c5 13. Ne3 b5 14. Bxd4 exd4 15. Nf5 Nh5 16. f4 Nf6 17. g4 Qc7 18. Nxd6 Qxd6 19. g5 Nd7 20. h4 f5 21. Bh5 c4 $11 22. dxc4 dxc4 23. bxc4 bxc4 24. O-O g6 25. Bf3 Rad8 26. Rfd1 Nb6 27. Rab1 Na4 28. Rb5 Nc3 29. Rxa5 Nxd1 30. Bd5+ Qxd5 1/2-1/2